 Dungeon Crawl Stone Soup version 0.19-a0-1608-g4cf22de (webtiles) character file.

16642 4thArraOfDagon the Cleaver (level 12, -13/65 HPs)
             Began as a Vine Stalker Assassin on Sept 17, 2016.
             Was a Priest of the Shining One.
             Mangled by a thrashing horror (19 damage)
             ... on level 2 of the Abyss.
             The game lasted 00:43:16 (6602 turns).

4thArraOfDagon the Cleaver (Vine Stalker Assassin)  Turns: 6602, Time: 00:43:16

Health: -13/65     AC: 12    Str: 16    XL:     12   Next: 39%
Magic:  0/13       EV: 24    Int: 15    God:    the Shining One [***...]
Gold:   1392       SH:  6    Dex: 15    Spells: 0 memorised, 11 levels left

rFire  . . .     SeeInvis +     (weapon currently unavailable)
rCold  . . .     Gourm    .     (armour currently unavailable)
rNeg   + + +     Faith    .     (shield currently unavailable)
rPois  +         Spirit   +     (helmet restricted)
rElec  .         Dismiss  .     (cloak currently unavailable)
rCorr  .         Reflect  .     (gloves currently unavailable)
MR     +....     Harm     .     (boots currently unavailable)
Stlth  ++........               F - amulet of magic regeneration
                                S - ring of see invisible
                                z - ring of positive energy

@: divine shield, fungus-form, glowing
A: (antennae 0), (fangs 0), (large bone plates 0), (deformed body), regeneration
2, magic shield, (antimagic bite), no device heal 3, rot immunity
a: Divine Shield, Renounce Religion


You were on level 2 of the Abyss.
You worshipped the Shining One.
The Shining One was most pleased with you.
You were not hungry.
You were a sentient fungus.
You visited 2 branches of the dungeon, and saw 13 of its levels.
You visited the Abyss 1 time.
You also visited: Bailey.

You collected 1555 gold pieces.
You spent 163 gold pieces at shops.

Inventory:

Hand Weapons
 a - a +2 dagger
 b - a +0 blowgun
 i - a +2 broad axe of draining
 m - a +0 war axe
 q - a +4 battleaxe of freezing (melded)
 t - a +0 war axe
 T - a +0 battleaxe
Missiles
 e - 22 poisoned needles
 f - 2 curare-tipped needles
 M - 10 tomahawks of returning (quivered)
Armour
 c - a +0 robe
 d - a +0 cloak
 l - a +0 scale mail
 p - a +0 troll leather armour (melded)
 y - a +0 cloak (melded)
 H - a +0 pair of boots (melded)
 J - a +2 large shield of positive energy
 O - a +0 storm dragon armour
 P - the +3 pair of gauntlets of War (melded) {Slay+5}
   (You found it in a bailey)

   It affects your accuracy and damage with ranged weapons and melee attacks
   (+5).
 Q - the +2 ring mail "Duipaall" {rF+ Int-4 SInv}
   (You found it on level 10 of the Dungeon)

   It affects your intelligence (-4).
   It protects you from fire.
   It lets you see invisible.
Jewellery
 z - a ring of positive energy (left hypha)
 F - an amulet of magic regeneration (around neck)
 S - a ring of see invisible (right hypha)
Wands
 w - a wand of polymorph (10/24)
 C - a wand of paralysis (3/24)
 N - a wand of flame (0/48)
 R - a wand of random effects (16/48)
Scrolls
 h - a scroll of amnesia
 j - 3 scrolls of recharging
 k - a scroll of magic mapping
 A - 2 scrolls of noise
 E - 2 scrolls of remove curse
 L - 2 scrolls of random uselessness
Potions
 n - 2 potions of curing
 s - 2 potions of brilliance
 v - a potion of invisibility
 D - a potion of flight
Comestibles
 g - 4 bread rations
 o - a royal jelly
 u - 7 meat rations


   Skills:
 - Level 8.4 Fighting
 - Level 1.7 Short Blades
 * Level 12.6 Axes
 - Level 1.7 Throwing
 + Level 6.4 Armour
 + Level 6.5 Dodging
 - Level 4.8 Stealth


You had 11 spell levels left.
You didn't know any spells.

Dungeon Overview and Level Annotations

Branches:
Dungeon (11/15)              Lair (0/6) D:11            Orc (2/2) D:11
    Elf (0/3) Orc:2
 Temple: D:4-7

Altars:
Ashenzari
Cheibriados
Elyvilon
Hepliaklqana
Nemelex Xobeh
Qazlal
Sif Muna
Yredelemnul
The Shining One
Beogh

Shops:
D:4 %*:   D:5 *   D:8 ?   Orc:2 :

Annotations:
D:7 Xenophilius's ghost, novice TrFi
D:11 Gruesome's ghost, journeyman SpAs


Innate Abilities, Weirdness & Mutations

((You have razor-sharp teeth.))
You heal very quickly.
When hurt, damage is shared between your health and your magic reserves.
((Your bite disrupts and absorbs the magic of your enemies.))
Potions and wands cannot restore your health.
You are immune to rotting.
((You have a pair of small antennae on your head.))
((You are partially covered in large bone plates. (SH +4)))
((Armour fits poorly on your strangely shaped body.))


Message History

The thrashing horror completely misses you.
You block the thrashing horror's attack.
A chorus of shrieks assaults your mind.
* * * LOW HITPOINT WARNING * * *
The thrashing horror closely misses you. x2
The insubstantial wisp thrums sharply.
The chaos spawn is struck by lightning.
The lightning arcs!
You are struck by lightning.
* * * LOW HITPOINT WARNING * * *
The lightning arcs!
You are struck by lightning.
* * * LOW HITPOINT WARNING * * *
The lightning grounds out.
Unknown command.
Unknown command.
Unknown command.
Unknown command.
You release spores at the chaos spawn!!
The chaos spawn is severely wounded.
The thrashing horror tramples you!!
You die...

#. .#..# ..
....# ..
###..... .. .
.##...#....
#... .
.#.#..#..
.#.. .....# .
####4v.#. #
...# #
#.#f.#.#.#
#.#. .#.XX##
. # # v
.###X# # . .
.. .## .#5.#
#.#
#..#...#...##
.. #.#
##v..#{#...#
#. # ###.#XX
.. .# . ...x.
.. . .# #....
...#


You could see 2 starcursed masses, a thrashing horror, a chaos spawn, an
insubstantial wisp and a quasit.

Vanquished Creatures
  A lorocyproca (Abyss:2)
  An ettin (Orc:2)
  An orc high priest (Orc:2)
  A thrashing horror (Abyss:2)
  Nergalle (Orc:2)
  A large abomination (Abyss:2)
  2 unseen horrors
  3 orc knights (Orc:2)
  2 orc sorcerers (Orc:2)
  Maurice (D:8)
  A centaur zombie (D:10)
  3 trolls
  A two-headed ogre (Orc:1)
  A slime creature (D:10)
  9 yaks
  A hungry ghost (D:7)
  A chaos spawn (Abyss:2)
  6 wargs
  A water moccasin (D:9)
  26 orc warriors
  2 ice beasts
  A phantom (D:7)
  An eye of draining (D:11)
  6 ogres
  2 centaurs
  7 bullfrogs
  A small abomination (Abyss:2)
  A scorpion (D:7)
  A killer bee (D:8)
  3 jellies
  6 howler monkeys
  An electric eel (D:11)
  2 quasits
  4 hounds
  8 orc priests
  7 orc wizards
  2 bullfrog skeletons (D:10)
  A centaur skeleton (D:7)
  2 iguanas
  8 worker ants
  2 hound skeletons
  4 gnolls
  5 adders
  2 shadow imps
  An ooze (D:3)
  An adder skeleton (D:5)
  5 worms
  2 dart slugs
  2 leopard geckos
  47 orcs
  2 giant cockroaches (D:3)
  9 goblins
  8 hobgoblins
  20 kobolds
  4 quokkas
  5 bats
  5 frilled lizards
  A giant cockroach zombie (D:5)
  3 rats
258 creatures vanquished.

Notes
Turn   | Place    | Note
-------+----------+-------------------------------------------
     0 | D:1      | 4thArraOfDagon the Vine Stalker Assassin began the quest for the Orb.
     0 | D:1      | Reached XP level 1. HP: 11/11 MP: 2/2
     0 | D:1      | hyperhazel: hey, play an ogre
     0 | D:1      | hyperhazel: :D
     2 | D:1      | Ultraviolent4: !hs * vsas
     6 | D:1      | beem: 13620. Yermak the Ninja (L27 VSAs of Xom), escaped with the Orb and 15 runes on 2015-09-24 21:27:51, with 49033895 points after 29481 turns and 7:56:05.
    53 | D:1      | Ultraviolent4: oh xom
    53 | D:1      | Ultraviolent4: jesus
    53 | D:1      | 4thArraOfDagon: yermak is crazy i know
    78 | D:1      | Reached XP level 2. HP: 7/16 MP: 3/3
   219 | D:2      | Reached XP level 3. HP: 13/19 MP: 4/4
   303 | D:3      | Reached skill level 1 in Axes
   790 | D:2      | Found a glowing golden altar of the Shining One.
   810 | D:2      | Found a basalt altar of Yredelemnul.
   812 | D:2      | Found a shattered altar of Ashenzari.
   819 | D:2      | Became a worshipper of the Shining One
   846 | D:3      | Ultraviolent4: spooky
   850 | D:3      | Gained mutation: Your natural rate of healing is unusually fast. [Vine Stalker growth]
   850 | D:3      | Reached XP level 4. HP: 24/24 MP: 5/5
   860 | D:3      | Ultraviolent4: you tricked tso
   966 | D:3      | Reached skill level 2 in Axes
  1050 | D:4      | Ultraviolent4: stay positive :)
  1091 | D:4      | Found Wetiun's Food Emporium.
  1154 | D:4      | Found Qijerar's Book Emporium.
  1179 | D:5      | Entered Level 5 of the Dungeon
  1188 | D:5      | Reached XP level 5. HP: 28/28 MP: 6/6
  1208 | D:5      | Found a sparkling altar of Nemelex Xobeh.
  1208 | D:5      | Noticed an ogre
  1310 | D:4      | Reached skill level 3 in Axes
  1354 | D:4      | Found Ysuess's Assorted Antiques.
  1361 | D:4      | Bought a scroll labeled EBLUCAPSYOT for 32 gold pieces
  1425 | D:5      | Ultraviolent4: ooo
  1440 | D:5      | Found a stormy altar of Qazlal.
  1594 | D:5      | Found a white marble altar of Elyvilon.
  1626 | D:6      | Noticed a centaur
  1681 | D:5      | Reached XP level 6. HP: 31/33 MP: 5/7
  1734 | D:5      | Found Umacif's Assorted Antiques.
  1737 | D:5      | Bought a scroll labeled EBLUCAPSYOT for 29 gold pieces
  1891 | D:5      | Reached skill level 4 in Axes
  1893 | D:6      | Found a snail-covered altar of Cheibriados.
  1946 | D:6      | Reached XP level 7. HP: 30/38 MP: 8/8
  1996 | D:6      | Ultraviolent4: how do you even bite stuff when youre holding an axe in your mouth?
  1999 | D:7      | Ultraviolent4: wtf
  2002 | D:7      | Reached * piety under the Shining One
  2058 | D:7      | 4thArraOfDagon: idk, for some reason it happens!
  2066 | D:7      | Reached skill level 5 in Axes
  2138 | D:7      | Reached skill level 5 in Fighting
  2144 | D:7      | Reached skill level 6 in Axes
  2151 | D:7      | Noticed a hungry ghost
  2168 | D:7      | Found a deep blue altar of Sif Muna.
  2181 | D:7      | Gained mutation: You have razor-sharp teeth. [Vine Stalker growth]
  2181 | D:7      | Reached XP level 8. HP: 31/43 MP: 9/9
  2186 | D:7      | Ultraviolent4: DO YOU WANT TO FIGHT THE JELLY WITHOUT RCORR Y/N?
  2227 | D:7      | Noticed Xenophilius's ghost (novice TrFi)
  2406 | D:9      | Reached skill level 7 in Axes
  2421 | D:9      | Reached ** piety under the Shining One
  2463 | D:8      | Noticed Maurice
  2483 | D:8      | Killed Maurice
  2496 | D:8      | Found a white marble altar of Elyvilon.
  2554 | D:8      | Found Kyobat's Magic Scroll Shop.
  2584 | D:8      | Bought a scroll of enchant weapon for 90 gold pieces
  2584 | D:8      | Bought a scroll of noise for 12 gold pieces
  2638 | D:8      | Found a hazy altar of Hepliaklqana.
  2684 | D:8      | Reached skill level 8 in Axes
  2808 | D:9      | Reached XP level 9. HP: 30/48 MP: 10/10
  2809 | D:9      | Reached skill level 1 in Dodging
  2883 | D:9      | Reached skill level 1 in Armour
  2885 | D:10     | Entered Level 10 of the Dungeon
  2954 | D:10     | Noticed a hill giant
  3050 | D:9      | gut
  3375 | D:10     | Noticed an unseen horror
  3399 | D:10     | Killed an unseen horror
  3399 | D:10     | Reached skill level 9 in Axes
  3406 | D:10     | Noticed a troll
  3421 | D:10     | Killed a troll
  3421 | D:10     | Reached XP level 10. HP: 25/55 MP: 11/11
  3495 | D:10     | Got a twisted ring mail
  3506 | D:10     | Identified the +2 ring mail "Duipaall" {rF+ Int-4 SInv} (You found it on level 10 of the Dungeon)
  3869 | D:10     | Gained mutation: Armour fits poorly on your strangely shaped body. [potion of mutation]
  3869 | D:10     | Gained mutation: You have a pair of small antennae on your head. [potion of mutation]
  3869 | D:10     | Gained mutation: You are partially covered in large bone plates. (SH +4) [potion of mutation]
  3919 | D:11     | Reached skill level 10 in Axes
  3927 | D:11     | Found a staircase to the Lair.
  3961 | D:11     | Noticed an unseen horror
  3972 | D:11     | Killed an unseen horror
  4026 | D:11     | Noticed Gruesome's ghost (journeyman SpAs)
  4028 | D:11     | WHY
  4212 | D:11     | Found a flagged portal.
  4218 | Bailey   | Entered a bailey
  4294 | Bailey   | Reached XP level 11. HP: 53/60 MP: 9/12
  4314 | Bailey   | Reached *** piety under the Shining One
  4540 | D:11     | Noticed a hill giant
  4562 | D:11     | Found a staircase to the Orcish Mines.
  4569 | Orc:1    | Entered Level 1 of the Orcish Mines
  4641 | Orc:1    | Noticed an orc knight
  4655 | Orc:2    | Entered Level 2 of the Orcish Mines
  4655 | Orc:2    | Noticed an ettin
  4656 | Orc:2    | HP: 3/60 [ogre/giant spiked club (5)]
  4678 | Orc:2    | Was placed under penance by the Shining One
  4680 | Orc:2    | Killed an ettin
  4743 | Orc:2    | Ultraviolent4: excommunicated
  4797 | Orc:2    | Found Bohu's Book Shop.
  4851 | Orc:2    | Reached skill level 11 in Axes
  4907 | Orc:2    | Reached skill level 5 in Dodging
  4961 | Orc:1    | Turgon: Hi murray
  4972 | Orc:1    | Noticed an orc knight
  4995 | Orc:2    | Noticed an orc sorcerer
  5007 | Orc:2    | Killed an orc sorcerer
  5007 | Orc:2    | Reached skill level 5 in Armour
  5027 | Orc:2    | Ultraviolent4: he tricked tso
  5036 | Orc:2    | Turgon: Undeads must not play with TSO so he put you under penance
  5066 | Orc:2    | Found a staircase to the Elven Halls.
  5095 | Orc:2    | HP: 3/60 [orc warrior/halberd (5)]
  5185 | Orc:2    | Noticed an orc sorcerer
  5199 | Orc:2    | Turgon: HOW can a skull wield a weapon??
  5204 | Orc:2    | Ultraviolent4: in its mouth
  5205 | Orc:2    | Ultraviolent4: that bit makes sense
  5217 | Orc:2    | Ultraviolent4: what i dont get is how he keeps biting stuff
  5227 | Orc:2    | Turgon: ?? murray
  5228 | Orc:2    | beem: murray[1/4]: A mighty demonic skull rolling along the dungeon floor. Summons undead and torments. Only found in 1 in 4 Vestibules. In 0.16, has {black mark}.
  5243 | Orc:2    | Killed an orc sorcerer
  5266 | Orc:2    | Turgon: @? murray
  5269 | Orc:2    | beem: Murray (z)
                  | Spd:
    10 | HD: 14   | HP: 129-190
                  | AC/EV: 30/10
                  | Dam: 20, 20
                  | undead, evil, see invisible, unbreathing
                  | Res: magic(immune), fire++, cold++, elec, poison+++, drown, rot+++, neg+++, torm
                  | Vul: holy++
                  | XP: 2395
                  | Sp: s.torment [!sil], sum.undead [!sil], black mark [!sil]
                  | Sz: tiny
                  | Int: human.
  5400 | Orc:2    | Turgon: murray doesn't wield the weapon in his mouth
  5400 | Orc:2    | Noticed an orc knight
  5478 | Orc:2    | Noticed an orc knight
  5496 | Orc:2    | Noticed an orc knight
  5526 | Orc:2    | Killed an orc knight
  5563 | Orc:2    | Turgon: The weapon is fixed somewhere at the skull
  5576 | Orc:2    | Noticed Nergalle
  5648 | Orc:2    | Ultraviolent4: some sort of weapon attachment
  5703 | Orc:2    | HP: 3/60 [orc knight/enchanted dire flail (23)]
  5706 | Orc:2    | Turgon: Should the char die the last message can't be "You die..."
  5768 | Orc:2    | Turgon: It must be "You are destroyed..." or sth
  5792 | Orc:2    | Killed an orc knight
  5815 | Orc:2    | Noticed an orc warlord
  5844 | Orc:2    | Turgon: Btw, 4thArra, you can't deal with the warlord
  5878 | Orc:2    | Killed an orc knight
  5878 | Orc:2    | Reached skill level 12 in Axes
  5888 | Orc:2    | Turgon: unless you have berserk
  5917 | Orc:2    | Noticed an orc high priest
  5933 | Orc:2    | Turgon: (just from my feeling)
  5991 | Orc:2    | Gained mutation: You heal very quickly. [Vine Stalker growth]
  5991 | Orc:2    | Reached XP level 12. HP: 43/65 MP: 8/13
  6060 | Orc:2    | Was forgiven by the Shining One
  6085 | Orc:2    | Ultraviolent4: distortion
  6085 | Orc:2    | Ultraviolent4: lul
  6134 | Orc:2    | Turgon: Holy murray :-)
  6154 | Orc:2    | Killed Nergalle
  6175 | Orc:2    | Turgon: Hurry, murry!
  6188 | Orc:2    | Found a roughly hewn altar of Beogh.
  6265 | Orc:2    | Killed an orc high priest
  6378 | Orc:1    | Ultraviolent4: im going to have to give you a parking ticket
  6378 | Orc:1    | Cast into level 2 of the Abyss (orc warlord)
  6387 | Abyss:2  | Ultraviolent4: lol
  6470 | Abyss:2  | 4thArraOfDagon: parking in abyss???
  6470 | Abyss:2  | 4thArraOfDagon: no thank you
  6526 | Abyss:2  | Noticed a lorocyproca
  6528 | Abyss:2  | Turgon: Serious question is if it's possible to fight here for some time to get more piety
  6529 | Abyss:2  | Turgon: But I think it's too dangerous
  6541 | Abyss:2  | Noticed a thrashing horror
  6542 | Abyss:2  | Noticed a thrashing horror
  6557 | Abyss:2  | Turgon: 4thArraOfDagon, porcupine of the Shining One
  6559 | Abyss:2  | Noticed a thrashing horror
  6566 | Abyss:2  | Killed a thrashing horror
  6570 | Abyss:2  | Noticed a thrashing horror
  6575 | Abyss:2  | Noticed a starcursed mass
  6601 | Abyss:2  | Killed a lorocyproca
  6602 | Abyss:2  | Mangled by a thrashing horror

Vault maps used:
D:1:      scummos_arrival_forest
D:2:      nicolae_overflow_hidden_temple, lemuel_crystal_altar
D:4:      okawaru_trees_1, serial_shops, kennysheep_mini, shop, shop
D:5:      nemelex_xobeh_ov_fountains_minmay, grunt_qazlal_clouds,
          elyvilon_altar_1, serial_shops, shop, first_bread
D:6:      lemuel_crystal_altar, minmay_misc_feat_four_crosses
D:7:      old_standard_altar, old_standard_altar
D:8:      lemuel_crystal_altar, serial_shops, shop_scrolls, special_room,
          basic_altar, blue_anna_alchemist, dk_rats_in_the_wall, uniq_maurice
D:9:      nicolae_good_shop
D:11:     lair_0_dummy, erik_orc_2, enter_bailey_3
Orc:2:    grunt_orc_cross, serial_shops, shop
Bailey:   bailey_axe_1, bailey

Skill      XL: |  1  2  3  4  5  6  7  8  9 10 11 12 |
---------------+-------------------------------------+-----
Fighting       | 2 3 4 5 6 7 8 |  8.4
Axes           | 1 2 3 4 6 8 9 10 12 | 12.6
Dodging        | 3 4 5 6 |  6.5
Armour         | 3 4 5 6 |  6.4
Short Blades   | |  1.7
Throwing       | |  1.7
Stealth        | |  4.8

Action                   |  1- 3 |  4- 6 |  7- 9 | 10-12 || total
-------------------------+-------+-------+-------+-------++-------
Melee: Dagger            |    89 |   138 |       |       ||   227
       Bite              |    25 |    61 |    60 |   131 ||   277
       War axe           |       |    36 |   218 |   239 ||   493
       Battleaxe         |       |       |       |   165 ||   165
       Unarmed           |       |       |       |    14 ||    14
 Fire: Blowgun           |     7 |       |       |       ||     7
Throw: Tomahawk          |       |       |       |    43 ||    43
Invok: Divine Shield     |       |       |       |     1 ||     1
Evoke: Wand              |       |       |     5 |    11 ||    16
  Use: Scroll            |       |     7 |     5 |    16 ||    28
       Potion            |       |       |     1 |     8 ||     9
 Stab: Sleeping          |     5 |       |       |       ||     5
       Paralysed         |       |       |     6 |     3 ||     9
       Confused          |       |       |       |     1 ||     1
  Eat: Chunk             |       |     3 |     6 |     9 ||    18
       Beef jerky        |       |     1 |       |     2 ||     3
       Pizza             |       |       |     1 |       ||     1
Armor: Robe              |     1 |       |       |       ||     1
       Scale mail        |    34 |    75 |    77 |       ||   186
       Storm dragon armo |       |       |    33 |   131 ||   164
       Troll leather arm |       |       |       |    23 ||    23
       Skin              |       |       |       |     7 ||     7
Dodge: Dodged            |    51 |    77 |   107 |   228 ||   463
Block: Other             |       |       |       |    64 ||    64
